 Dungeon Crawl Stone Soup version 0.17.0-28-g6e173f8 (webtiles) character file.

147 dohliylev the Stinger (level 5, -5/42 HPs)
             Began as a Naga Venom Mage on Nov 24, 2015.
             Slain by a gnoll
             ... wielding a cursed -2 halberd
              (11 damage)
             ... on level 3 of the Dungeon.
             The game lasted 00:17:56 (1878 turns).

dohliylev the Stinger (Naga Venom Mage)             Turns: 1878, Time: 00:17:56

Health: -5/42      AC:  3    Str: 10    XL:     5   Next: 29%
Magic:  1/9        EV: 10    Int: 16    God:
Gold:   217        SH:  0    Dex: 12    Spells: 2 memorised, 5 levels left

rFire  . . .     SeeInvis +     (no weapon)
rCold  . . .     Clarity  .     a - +0 robe
rNeg   . . .     SustAt   .     (no shield)
rPois  +         Gourm    .     (no helmet)
rElec  .         Spirit   .     (no cloak)
rCorr  .         Warding  .     q - +0 pair of gloves
rMut   .         Stasis   .     (no barding)
MR     .....                    (no amulet)
Stlth  ++........               (no ring)
                                (no ring)

@: very slow, not resistant to hostile enchantments, unstealthy
A: see invisible, deformed body, poison resistance, slowness 2, slow metabolism
1, spit poison 2, AC +1
a: Spit Poison


You were on level 3 of the Dungeon.
You were not hungry.

You visited 1 branch of the dungeon, and saw 3 of its levels.

You collected 217 gold pieces.

Inventory:

Armour
 a - a +0 robe (worn)
 q - a +0 pair of gloves (worn)
Wands
 d - a wand of random effects (21)
Scrolls
 e - a scroll of magic mapping {unknown}
 f - a scroll of identify {unknown}
 g - 2 scrolls of noise {unknown}
 h - 2 scrolls of teleportation {unknown}
 k - a scroll of fear {unknown}
 l - a scroll of enchant weapon {unknown}
 m - 2 scrolls of enchant armour {unknown}
Potions
 p - a potion of might {unknown}
Books
 b - a Young Poisoner's Handbook

   Spells                             Type                      Level
   a - Sting                          Conjuration/Poison           1
   b - Cure Poison                    Poison                       2
   c - Mephitic Cloud                 Conjuration/Poison/Air       3
   d - Olgreb's Toxic Radiance        Poison                       4
   e - Venom Bolt                     Conjuration/Poison           5
Comestibles
 c - a bread ration
 i - a slice of pizza
 j - 5 fruits
 n - a meat ration
 o - 11 chunks of flesh


   Skills:
 + Level 1.8 Dodging
 + Level 3.2 Stealth
 * Level 2.9 Spellcasting
 + Level 1.3 Conjurations
 * Level 7.2 Poison Magic


You had 5 spell levels left.
You knew the following spells:

 Your Spells              Type           Power        Failure   Level  Hunger
a - Sting                 Conj/Pois      ###.         3%          1    #......
b - Mephitic Cloud        Conj/Pois/Air  ##......     17%         3    ###....


Dungeon Overview and Level Annotations

Branches:
Dungeon (3/15)

Altars:
Qazlal
Ru


Innate Abilities, Weirdness & Mutations

You cannot wear boots.
Your serpentine skin is tough (AC +1).
You have supernaturally acute eyesight.
Armour fits poorly on your strangely shaped body.
Your system is resistant to poisons.
You cover ground very slowly.
You have a slow metabolism.
You can spit poison.


Message History

You cannot throw anything while held in a net.
You shred the net and break free!
The gnoll hits you from afar with a halberd!
* * * LOW HITPOINT WARNING * * *
You have got your breath back.
The gnoll closely misses you.
Casting: Sting
Confirm with . or Enter, or press ? or * to list all spells.
Aiming: Sting
Press: ? - help, Shift-Dir - straight line, f/p - gnoll
Aim: a gnoll, wielding a halberd The sting hits the gnoll.
The gnoll appears unharmed.
The gnoll hits you from afar with a halberd.
* * * LOW HITPOINT WARNING * * *
You see here a whip.
The gnoll hits you from afar with a halberd.
* * * LOW HITPOINT WARNING * * *
The gnoll misses you.
The gnoll hits you from afar with a halberd!
You die...

≈≈≈≈≈≈≈≈≈≈≈....≈≈≈≈≈≈≈
......................
##########.........#..
......##..######.# .
#.....(.)....# .# #
#.##.#...###.# #.#
#......# ..
#.#...######.#
#.##.÷..g.@..#
#.##.######### #.##.#
#.......##.#
##########.# #.# #.#
#.#


You could see a gnoll.

Vanquished Creatures
  7 adders (D:2)
  3 gnolls (D:3)
  2 oozes
  2 worms (D:2)
  A giant gecko (D:2)
  A ball python (D:2)
  2 goblins
  7 hobgoblins
  16 jackals
  4 bats
  4 giant newts (D:1)
  A kobold (D:1)
  A quokka (D:2)
  6 rats
57 creatures vanquished.

Notes
Turn   | Place    | Note
--------------------------------------------------------------
     0 | D:1      | dohliylev the Naga Venom Mage began the quest for the Orb.
     0 | D:1      | Reached XP level 1. HP: 15/15 MP: 3/3
   163 | D:1      | Reached XP level 2. HP: 17/22 MP: 1/5
   460 | D:1      | Reached skill level 6 in Poison Magic
   642 | D:2      | Reached XP level 3. HP: 11/28 MP: 0/6
   795 | D:2      | Reached XP level 4. HP: 18/36 MP: 3/7
   819 | D:2      | Learned a level 3 spell: Mephitic Cloud
  1346 | D:2      | Reached skill level 1 in Conjurations
  1346 | D:2      | Reached skill level 7 in Poison Magic
  1542 | D:2      | Found a sacrificial altar of Ru.
  1687 | D:2      | Found a stormy altar of Qazlal.
  1771 | D:3      | Reached XP level 5. HP: 42/42 MP: 2/9
  1878 | D:3      | Slain by a gnoll

Action                   |  1- 3 |  4- 6 || total
-------------------------+-------+-------++-------
Melee: Unarmed           |     4 |       ||     4
 Cast: Sting             |    39 |    64 ||   103
       Mephitic Cloud    |       |     4 ||     4
 Abil: Spit Poison       |     7 |    15 ||    22
 Stab: Sleeping          |     1 |       ||     1
  Eat: Bread ration      |       |     1 ||     1
       Chunk             |       |     1 ||     1
